 Dungeon Crawl Stone Soup version 0.23-a0-373-g305c090 (webtiles) character file.

36418 Amnesiac the Earth Mage (level 13, -6/71 HPs)
             Began as an Octopode Earth Elementalist on Oct 25, 2018.
             Was a High Priest of Vehumet.
             Mangled by an infernal demonspawn
             ... wielding a +2 dire flail of protection
              (12 damage)
             ... on level 2 of the Orcish Mines.
             The game lasted 00:47:26 (20364 turns).

Amnesiac the Earth Mage (OpEE)                     Turns: 20364, Time: 00:47:27

Health: -6/71      AC:  3    Str:  7    XL:     13   Next: 90%
Magic:  0/28       EV: 15    Int: 28    God:    Vehumet [*****.]
Gold:   1147       SH:  9    Dex: 17    Spells: 18/34 levels left

rFire    + . .     SeeInvis .   a - +1 dagger (drain)
rCold    + . .     Gourm    .   w - +1 shield
rNeg     . . .     Faith    .   (helmet restricted)
rPois    .         Spirit   +   c - amulet of guardian spirit
rElec    .         Reflect  .   e - +2 ring of protection
rCorr    .         Harm     .   m - ring of protection from magic
MR       +....                  G - ring "Iclypiru" {*Slow rF+ rC+ Int+5 Stlth+}
Stlth    +++++.....             (no ring)
HPRegen  0.21/turn              (no ring)
MPRegen  0.21/turn              (no ring)
                                (no ring)
                                (no ring)

@: agile, slowed, extremely drained, very slow
A: almost no armour, stealthy swim, amphibious, 8 rings, constrict 8, camouflage
1, gelatinous body 1
a: Renounce Religion


You were on level 2 of the Orcish Mines.
You worshipped Vehumet.
Vehumet was extremely pleased with you.
You were hungry.

You visited 2 branches of the dungeon, and saw 13 of its levels.

You collected 1366 gold pieces.
You spent 219 gold pieces at shops.

Inventory:

Hand Weapons
 a - a +1 dagger of draining (weapon)
 b - a +0 blowgun
 t - the +9 staff of Olgreb {rPois}
   (You found it on level 9 of the Dungeon)

   It protects you from poison.
Missiles
 q - 65 stones (quivered)
 r - 52 poisoned needles
Armour
 w - a +1 shield (worn)
 D - a +0 large shield
Jewellery
 c - an amulet of guardian spirit (around mantle)
 e - a +2 ring of protection (left tentacle)
 m - a ring of protection from magic (right tentacle)
 v - a +3 amulet of reflection
 G - the ring "Iclypiru" (on tentacle) {*Slow rF+ rC+ Int+5 Stlth+}
   (You found it on level 9 of the Dungeon)

   [ring of intelligence]

   It affects your intelligence (+5).
   It protects you from fire.
   It protects you from cold.
   It may slow you when you take damage.
   It makes you more stealthy.
Wands
 o - a wand of digging (18)
 p - a wand of disintegration (17)
 K - a wand of iceblast (10)
Scrolls
 g - 2 scrolls of amnesia {!r}
 l - 4 scrolls of teleportation {!r}
 s - 4 scrolls of fog {!r}
 x - 2 scrolls of enchant weapon {!r}
 y - 3 scrolls of enchant armour {!r}
 E - 4 scrolls of remove curse {!r}
 J - a scroll of magic mapping {!r}
 L - a scroll of fear {!r}
Potions
 j - 2 potions of flight {!q}
 k - a potion of lignification {!q}
 n - a potion of mutation {!q}
 z - 3 potions of agility {!q}
 B - 2 potions of magic {!q}
 C - a potion of cancellation {!q}
 H - 2 potions of brilliance {!q}
 I - a potion of resistance {!q}
Comestibles
 d - 15 rations


   Skills:
 - Level 2.0(0.0) Dodging
 - Level 3.0(0.0) Stealth
 + Level 11.2(3.9) Shields
 + Level 11.2(3.9) Spellcasting
 - Level 1.0(0.0) Transmutations
 * Level 16.2(8.0) Earth Magic


You had 18 spell levels left.
You knew the following spells:

 Your Spells              Type           Power        Failure   Level  Hunger
a - Sandblast             Erth           ######       1%          1    None
b - Passwall              Tmut/Erth      ####....     9%          2    None
c - Stone Arrow           Conj/Erth      ####..       4%          3    ##.....
d - Lee's Rapid Deconstr  Erth           ######....   9%          5    #####..
e - Petrify               Tmut/Erth      ####....     50%         4    ####...
z - Confusing Touch       Hex            #.....       30%         1    None

Your spell library contained the following spells:

 Spells                   Type           Power        Failure   Level  Hunger
 Orb of Destruction       Conj           #.........   100%        7    #######
 Beastly Appendage        Tmut           #.....       30%         1    None
 Confuse                  Hex            #.......     67%         3    ##.....
 Gell's Gravitas          Tloc           #.........   67%         3    ##.....
 Spider Form              Tmut/Pois      #.........   67%         3    ##.....
 Yara's Violent Unravell  Hex/Tmut       #.........   88%         5    #####..
 Alistair's Intoxication  Tmut/Pois      #.......     100%        5    #####..
 Metabolic Englaciation   Hex/Ice        #.........   100%        5    #####..
 Summon Forest            Summ/Tloc      #.........   100%        5    #####..
 Hydra Form               Tmut           #.........   100%        6    #######


Dungeon Overview and Level Annotations

Branches:
Dungeon (11/15)            Temple (0/1) D:6            Lair (0/6) D:11
    Orc (2/2) D:11            Elf (0/3) Orc:2

Altars:
Ashenzari
Dithmenos
Fedhas
Makhleb
Nemelex Xobeh
Sif Muna
Vehumet
Wu Jian
Xom
Yredelemnul
Beogh

Shops:
D:4 [   D:5 *   D:6 [[   Orc:2 %**


Innate Abilities, Weirdness & Mutations

You cannot wear most types of armour.
You are very stealthy in the water. (Stealth+)
You are amphibious.
You can wear up to eight rings at the same time.
You can use your tentacles to constrict eight enemies at once.
Your skin changes colour to match your surroundings (Stealth+).
Your rubbery body absorbs attacks. (AC +1, EV +1)


Message History

The blast of rock fragments hits the orc sorcerer.
The orc sorcerer is moderately wounded.
The blast of rock fragments hits the orc sorcerer.
You block the orc sorcerer's attack.
Casting: Lee's Rapid Deconstruction (slightly dangerous; 11% risk of failure)
Confirm with . or Enter, or press ? or * to list all spells.
Aiming: Lee's Rapid Deconstruction (slightly dangerous; 11% risk of failure)
Press: ? - help, Dir - move target cursor A stone wall.
The wall shatters!
The blast of rock fragments hits the orc sorcerer.
The orc sorcerer is severely wounded.
The blast of rock fragments hits the orc sorcerer.
The orc sorcerer is almost dead.
The blast of rock fragments hits the infernal demonspawn.
The infernal demonspawn is lightly wounded.
The orc sorcerer hits you with a cursed -2 dagger.
Casting: Lee's Rapid Deconstruction (slightly dangerous; 11% risk of failure)
Confirm with . or Enter, or press ? or * to list all spells.
Aiming: Lee's Rapid Deconstruction (slightly dangerous; 11% risk of failure)
Press: ? - help, Dir - move target cursor A stone wall.
The wall shatters!
The blast of rock fragments hits the orc sorcerer.
The orc sorcerer is almost dead.
The blast of rock fragments hits the orc sorcerer.
You kill the orc sorcerer!
Vehumet accepts your kill.
You feel your power returning.
You are feeling hungry.
The infernal demonspawn barely misses you.
The orc sorcerer gestures at you while chanting.
The bolt of negative energy hits you!
You feel drained.
You feel yourself slow down.
Casting: Lee's Rapid Deconstruction (slightly dangerous; 13% risk of failure)
Confirm with . or Enter, or press ? or * to list all spells.
Aiming: Lee's Rapid Deconstruction (slightly dangerous; 13% risk of failure)
Press: ? - help, Dir - move target cursor A stone wall.
The wall shatters!
The blast of rock fragments hits the orc sorcerer.
You kill the orc sorcerer!
Vehumet accepts your kill.
You feel your power returning.
You block the infernal demonspawn's attack.
The infernal demonspawn hits you with a +2 dire flail of protection!
You are engulfed in flames!
You resist.
* * * LOW HITPOINT WARNING * * *
You block the infernal demonspawn's attack.
The infernal demonspawn hits you with a +2 dire flail of protection!
* * * LOW HITPOINT WARNING * * *
You are engulfed in flames.
You resist.
* * * LOW HITPOINT WARNING * * *
The infernal demonspawn hits you with a +2 dire flail of protection!
* * * LOW HITPOINT WARNING * * *
You are engulfed in flames.
You resist.
* * * LOW HITPOINT WARNING * * *
Okay, then.
Okay, then.
Really quaff
z - 4 potions of agility {!q}?
You feel agile all of a sudden.
You block the infernal demonspawn's attack.
The infernal demonspawn hits you with a +2 dire flail of protection!
You die...

...#.(..##.6###..##[#.###..#.)..#
)#.....##..# ##..)....###.......
...#..##... ##.#.....###......
.#.....##.6 ##.......###.......
...#....##.6 ##..##.#.###.......)
#....#...##.o#..##...###().......
##..).[...##...##...####<(.......
##.)###...##.##6..###.[....[.[#.
##).###...###.@.###...[[..)..[.
##[[###...#...###.....)...)...
##..###.#.#.###.........#....
##.[###...###...............
##..###.###..........[....#
##..#####......[[.........
##..###.......##.........
#...###.###.###.........
#...#######[###.........


You could see an infernal demonspawn.

Vanquished Creatures
  Rupert (Orc:2)
  The ghost of namelastname112 the Cleaver, a journeyman DrWn of Ashenzari (D:11)
  An ettin (Orc:1)
  2 hydras
  2 death knights (D:9)
  6 two-headed ogres
  5 orc high priests (Orc:2)
  A sixfirhy (Orc:2)
  2 gelid demonspawn
  The ghost of derval the Zephyrmancer, a novice DEAE of Sif Muna (D:9)
  An unseen horror (D:10)
  5 orc knights
  7 orc sorcerers (Orc:2)
  A rust devil (Orc:2)
  The ghost of patman the Vexing, a novice GnAM (D:6)
  A komodo dragon (D:11)
  3 ice devils (Orc:2)
  9 trolls
  A hornet (D:8)
  Prince Ribbit (D:6)
  2 hippogriffs
  A wraith (D:9)
  A vampire (D:9)
  2 steam dragons
  4 hungry ghosts
  Menkaure (D:4)
  A warg (Orc:2)
  2 soldier ants (D:8)
  A two-headed ogre zombie (D:11)
  A water moccasin (D:10)
  Duvessa (D:6)
  32 orc warriors
  3 ice beasts
  2 sky beasts
  8 ogres
  3 phantoms
  6 centaurs
  10 bullfrogs
  2 big kobolds
  A water moccasin zombie (D:4)
  Dowan (D:6)
  3 scorpions
  A troll zombie (D:11)
  9 killer bees
  6 howler monkeys
  9 crimson imps
  2 centaur zombies
  25 orc priests
  5 hounds
  3 jellies
  A gnoll shaman (D:7)
  Crazy Yiuf (D:3)
  A bullfrog skeleton (D:8)
  22 orc wizards
  An iguana (D:6)
  5 worker ants
  Natasha (thrice) (D:3)
  6 ogre zombies (D:11)
  A bullfrog simulacrum (D:9)
  A hound skeleton (D:8)
  2 worker ant zombies
  6 gnolls
  11 adders
  A worm (D:3)
  5 dart slugs
  7 leopard geckos
  92 orcs
  2 giant cockroaches
  6 goblins
  2 hobgoblins (D:3)
  8 jackals
  3 quokkas
  8 bats
  5 frilled lizards
  2 goblin skeletons (D:11)
  3 goblin zombies (D:11)
  A hobgoblin skeleton (D:11)
  3 hobgoblin zombies (D:11)
  14 kobolds
  4 orc skeletons (D:11)
  12 orc zombies (D:11)
  8 rats
447 creatures vanquished.

Vanquished Creatures (others)
  A plant (D:11)
  2 withered plants (D:6)
3 creatures vanquished.

Grand Total: 450 creatures vanquished

Notes
Turn   | Place    | Note
-------+----------+-------------------------------------------
     0 | D:1      | Amnesiac the Octopode Earth Elementalist began the quest
                  | for the Orb.
     0 | D:1      | Reached XP level 1. HP: 11/11 MP: 3/3
   536 | D:1      | Reached XP level 2. HP: 13/17 MP: 5/5
   543 | D:1      | Learned a level 2 spell: Passwall
  1065 | D:1      | Reached XP level 3. HP: 21/21 MP: 6/6
  1453 | D:2      | Found a radiant altar of Vehumet.
  1470 | D:2      | Became a worshipper of Vehumet
  2177 | D:3      | Reached skill level 4 in Earth Magic
  2199 | D:3      | Found a shimmering altar of Xom.
  2218 | D:3      | Reached XP level 4. HP: 23/27 MP: 4/8
  2337 | D:3      | Reached skill level 5 in Earth Magic
  2337 | D:3      | Reached XP level 5. HP: 31/31 MP: 3/9
  2534 | D:3      | Found a runed door.
  2560 | D:3      | Noticed Crazy Yiuf
  2565 | D:3      | Killed Crazy Yiuf
  2574 | D:3      | Learned a level 5 spell: Lee's Rapid Deconstruction
  2673 | D:3      | Found a burning altar of Makhleb.
  2716 | D:3      | Noticed Natasha
  2725 | D:3      | Killed Natasha
  2725 | D:3      | Reached XP level 6. HP: 26/36 MP: 7/11
  2732 | D:3      | Reached skill level 6 in Earth Magic
  2831 | D:3      | Reached * piety under Vehumet
  2831 | D:3      | Offered knowledge of Sting by Vehumet.
  2884 | D:3      | Noticed Natasha
  2890 | D:3      | Killed Natasha
  3227 | D:3      | Noticed Natasha
  3231 | D:3      | Killed Natasha
  3355 | D:4      | Noticed Menkaure
  3360 | D:4      | Killed Menkaure
  3360 | D:4      | Reached skill level 1 in Shields
  3360 | D:4      | Reached XP level 7. HP: 4/41 MP: 7/13
  3645 | D:4      | Reached skill level 7 in Earth Magic
  4295 | D:4      | Found a sparkling altar of Nemelex Xobeh.
  4337 | D:4      | Found Misesk's Antique Armour Boutique.
  4527 | D:5      | Entered Level 5 of the Dungeon
  4528 | D:5      | Found Abudoxuyc's Assorted Antiques.
  4536 | D:5      | Bought a scroll labeled KUAGAU NABI for 25 gold pieces
  4536 | D:5      | Bought a scroll labeled MADGHA GAHUI for 25 gold pieces
  4536 | D:5      | Bought a sedimented pink potion for 22 gold pieces
  4536 | D:5      | Bought a fizzy emerald potion for 22 gold pieces
  4536 | D:5      | Bought a scroll labeled YROUSE GAQOXA for 25 gold pieces
  4536 | D:5      | Bought a scroll labeled OFULYRISHRA for 25 gold pieces
  4536 | D:5      | Bought a scroll labeled KUAGAU NABI for 25 gold pieces
  4681 | D:5      | Reached XP level 8. HP: 43/46 MP: 13/15
  5395 | D:6      | Found Jimikam's Armour Shoppe.
  5417 | D:5      | Reached skill level 5 in Spellcasting
  5430 | D:5      | Bought a scroll labeled YROUSE GAQOXA for 25 gold pieces
  5430 | D:5      | Bought a scroll labeled MADGHA GAHUI for 25 gold pieces
  5441 | D:5      | Learned a level 4 spell: Petrify
  5445 | D:5      | Learned a level 3 spell: Stone Arrow
  6002 | D:6      | Offered knowledge of Searing Ray by Vehumet.
  6052 | D:6      | Reached ** piety under Vehumet
  6052 | D:6      | Reached skill level 8 in Earth Magic
  6150 | D:6      | Found a staircase to the Ecumenical Temple.
  6150 | D:6      | Noticed Prince Ribbit
  6154 | D:6      | Noticed Dowan
  6203 | D:6      | Killed Prince Ribbit
  6284 | D:6      | Found Ygynup's Antique Armour Boutique.
  6312 | D:6      | Found a runed door.
  6312 | D:6      | Noticed patman's ghost (novice GnAM)
  6658 | D:6      | HP: 1/46 [orc warrior/+0 short sword (17)]
  6663 | D:6      | Reached XP level 9. HP: 3/51 MP: 3/17
  6939 | D:6      | Noticed Duvessa
  6947 | D:6      | Killed Duvessa
  6947 | D:6      | Reached skill level 9 in Earth Magic
  6947 | D:6      | Killed Dowan
  7346 | D:7      | Found a basalt altar of Yredelemnul.
  7649 | D:7      | Found a deep blue altar of Sif Muna.
  7660 | D:7      | Found a shadowy altar of Dithmenos.
  7668 | D:7      | Reached skill level 5 in Shields
  7753 | D:7      | Reached skill level 10 in Earth Magic
  7919 | D:7      | Offered knowledge of Ignite Poison by Vehumet.
  8359 | D:8      | Reached *** piety under Vehumet
  8467 | D:8      | Found an ornate altar of the Wu Jian Council.
  8567 | D:8      | Found a blossoming altar of Fedhas.
  8794 | D:8      | Reached XP level 10. HP: 42/56 MP: 14/20
  9168 | D:8      | Noticed a two-headed ogre
  9176 | D:8      | Killed a two-headed ogre
  9176 | D:8      | Reached skill level 11 in Earth Magic
  9648 | D:9      | Offered knowledge of Airstrike by Vehumet.
  9770 | D:9      | Found a shattered altar of Ashenzari.
  9790 | D:9      | Found the +9 staff of Olgreb {rPois}
  9828 | D:9      | Reached **** piety under Vehumet
 10138 | D:9      | Offered knowledge of Bolt of Draining by Vehumet.
 10496 | D:9      | Noticed a death knight
 10502 | D:9      | Noticed a death knight
 10503 | D:9      | Noticed derval's ghost (novice DEAE)
 10583 | D:9      | Got a flickering wooden ring
 10631 | D:9      | Found a transporter.
 10632 | D:9      | Identified the ring "Iclypiru" {*Slow rF+ rC+ Int+5 Stlth+}
                  | (You found it on level 9 of the Dungeon)
 10662 | D:9      | Found a transporter.
 10783 | D:9      | Found a roughly hewn altar of Beogh.
 10812 | D:9      | Reached skill level 12 in Earth Magic
 11032 | D:10     | Entered Level 10 of the Dungeon
 11044 | D:10     | Reached XP level 11. HP: 61/61 MP: 21/23
 11226 | D:10     | Reached ***** piety under Vehumet
 11532 | D:10     | Offered knowledge of Fireball by Vehumet.
 11537 | D:10     | Noticed a four-headed hydra
 11650 | D:10     | Killed a four-headed hydra
 11912 | D:10     | Killed an unseen horror
 12059 | D:10     | Noticed a two-headed ogre
 12099 | D:10     | Killed a two-headed ogre
 12192 | D:10     | Reached skill level 13 in Earth Magic
 13169 | D:11     | Found a staircase to the Orcish Mines.
 13205 | D:11     | Noticed a two-headed ogre
 13212 | D:11     | Killed a two-headed ogre
 13221 | D:11     | Noticed a two-headed ogre
 13224 | D:11     | Killed a two-headed ogre
 13224 | D:11     | Reached XP level 12. HP: 66/66 MP: 5/25
 13356 | D:11     | Found a staircase to the Lair.
 13416 | D:11     | Noticed an eight-headed hydra
 13420 | D:11     | Killed an eight-headed hydra
 13473 | D:11     | Noticed namelastname112's ghost (journeyman DrWn)
 13474 | D:11     | Found a transporter.
 13475 | D:11     | Noticed a two-headed ogre
 13480 | D:11     | Noticed a two-headed ogre
 13488 | D:11     | Found a transporter.
 13733 | D:6      | Killed patman's ghost
 14144 | D:9      | Killed a death knight
 14144 | D:9      | Reached skill level 14 in Earth Magic
 14382 | D:9      | Killed derval's ghost
 14736 | D:9      | Killed a death knight
 14967 | D:11     | Killed a two-headed ogre
 14968 | D:11     | Killed a two-headed ogre
 14968 | D:11     | Killed namelastname112's ghost
 14985 | D:11     | Got a twisted dire flail
 14985 | D:11     | Got a jewelled great mace
 14989 | D:11     | Identified the Grimoire of Companions and Changing
 15001 | D:11     | Learned a level 1 spell: Confusing Touch
 15038 | Orc:1    | Entered Level 1 of the Orcish Mines
 15259 | Orc:2    | Entered Level 2 of the Orcish Mines
 15276 | Orc:2    | Reached skill level 10 in Spellcasting
 15285 | Orc:2    | Noticed an ettin
 15424 | Orc:2    | Found a roughly hewn altar of Beogh.
 15764 | Orc:1    | Offered knowledge of Orb of Destruction by Vehumet.
 15765 | Orc:1    | Reached skill level 10 in Shields
 15856 | Orc:2    | Noticed Rupert
 15897 | Orc:1    | Killed an ettin
 16270 | Orc:2    | Reached XP level 13. HP: 71/71 MP: 20/27
 16273 | Orc:2    | Reached skill level 15 in Earth Magic
 17308 | Orc:2    | Found a staircase to the Elven Halls.
 17313 | Orc:2    | Found Zuc Weogh's Assorted Antiques.
 17456 | Orc:2    | Found Holaikel's Food Emporium.
 17705 | Orc:2    | Found Zymar's General Store.
 18259 | Orc:2    | Killed Rupert
 19031 | Orc:2    | Paralysed by an orc sorcerer for 4 turns
 19136 | Orc:2    | Reached skill level 16 in Earth Magic
 19289 | Orc:2    | HP: 3/71 [poisoned by an orc high priest]
 19294 | Orc:2    | HP: 2/71 [poisoned by an orc high priest]
 19302 | Orc:2    | HP: 2/71 [poisoned by an orc high priest]
 19348 | Orc:2    | HP: 3/71 [gelid demonspawn/+0 mace of draining (10)]
 19348 | Orc:2    | HP: 1/71 [gelid demonspawn/+0 mace of draining (2)]
 20364 | Orc:2    | Mangled by an infernal demonspawn

Vault maps used:
D:1:      lightli_arrival_lavapool, st_stairs_4
D:2:      lemuel_crystal_altar, first_ration, kennysheep_generic_room_15
D:3:      lemuel_doored_altar, led_xom_imps, dk_noncrumbling_4, uniq_natasha,
          uniq_crazy_yiuf_cottage
D:4:      nemelex_xobeh_ov_fountains_minmay, serial_shops, shop,
          dk_noncrumbling_3, uniq_menkaure
D:5:      serial_shops, shop
D:6:      minmay_temple_entry_grid, serial_shops,
          nicolae_shop_competitors_out_of_business, shop, gammafunk_ghost_grave,
          grunt_tough_drop, uniq_duvessa, uniq_prince_ribbit1
D:7:      lemuel_crystal_altar, lemuel_coloured_pillars_altar,
          old_standard_altar
D:8:      nicolae_overflow_crystal_walls, fedhas_ov_isle_minmay,
          hangedman_pestilent_swarm
D:9:      kennysheep_little_box, special_room, gammafunk_ghost_mausoleum,
          serial_bayou_pond_e
D:10:     roderic_lattice_a, grunt_ministairs_1, kb_lookout_dungeons_type
D:11:     david_lair_shrubbed, zombieorc2_lemuel, gammafunk_ghost_smash
Orc:1:    basic_altar, minmay_orc_temple_b, uniq_urug
Orc:2:    pf_orc_diabolical, basic_altar, serial_shops,
          nicolae_shop_overgrown_old_shop, uniq_rupert

Skill      XL: |  1  2  3  4  5  6  7  8  9 10 11 12 13 |
---------------+----------------------------------------+-----
Earth Magic    | 4 5 6 7 8 10 12 13 14 16 | 16.2
Spellcasting   | 3 4 5 6 8 9 10 11 | 11.2
Shields        | 1 2 4 5 7 8 10 11 | 11.2
Stealth        | 3 |  3.0
Dodging        | |  2.0
Transmutations | |  1.0

Action                   |  1- 3 |  4- 6 |  7- 9 | 10-12 | 13-15 || total
-------------------------+-------+-------+-------+-------+-------++-------
Melee: Unarmed           |   103 |    96 |    50 |       |       ||   249
       Constrict         |    25 |    27 |    32 |    36 |    22 ||   142
       Tentacles         |    11 |    10 |    27 |    31 |    43 ||   122
       Dagger            |       |       |    89 |   176 |   176 ||   441
 Cast: Sandblast         |     2 |    38 |    73 |   120 |    33 ||   266
       Lee's Rapid Decon |       |       |    38 |   146 |    90 ||   274
       Petrify           |       |       |     7 |    14 |    21 ||    42
Evoke: Wand              |       |       |       |     5 |       ||     5
  Use: Scroll            |       |     1 |    18 |     3 |       ||    22
       Potion            |       |       |     5 |     1 |    15 ||    21
 Stab: Sleeping          |     8 |     4 |     9 |     4 |       ||    25
       Distracted        |       |       |     1 |       |       ||     1
       Petrified         |       |       |     9 |     8 |    80 ||    97
       Confused          |       |       |     1 |       |       ||     1
       Petrifying        |       |       |       |       |     2 ||     2
  Eat: Chunk             |     4 |     4 |    21 |    41 |    16 ||    86
       Ration            |       |       |     2 |     2 |     2 ||     6
Armor: Skin              |    27 |    23 |    14 |    39 |     3 ||   106
Dodge: Dodged            |    72 |    78 |    75 |   125 |    33 ||   383
Block: Other             |       |       |     3 |       |       ||     3
       Shield            |       |       |       |   135 |    71 ||   206

Table legend:
 A = Non-vault XP
 B = Vault XP
 C = Vault XP percentage of total XP
 D = Non-vault monster count
 E = Vault monster count
 F = Vault count percentage of total count
                 A         B        C        D         E       F
            +---------+---------+-------+---------+---------+-------
      Total |   22045 |   29981 |  57.6 |     292 |     155 |  34.7
            +---------+---------+-------+---------+---------+-------
        D:1 |      29 |       6 |  17.1 |      15 |       3 |  16.7
        D:2 |       6 |       5 |  45.5 |       4 |       2 |  33.3
        D:3 |     283 |     267 |  48.5 |      31 |       6 |  16.2
        D:4 |     319 |     183 |  36.5 |      11 |       1 |   8.3
        D:5 |     235 |       0 |   0.0 |       8 |       0 |   0.0
        D:6 |     433 |    1284 |  74.8 |      19 |       9 |  32.1
        D:7 |    1325 |       0 |   0.0 |      30 |       0 |   0.0
        D:8 |    2099 |     610 |  22.5 |      29 |       4 |  12.1
        D:9 |    1782 |    3965 |  69.0 |      37 |      27 |  42.2
       D:10 |    5107 |     429 |   7.7 |      31 |       3 |   8.8
       D:11 |    4521 |    4335 |  48.9 |      20 |      42 |  67.7
      Orc:1 |    2643 |     707 |  21.1 |      15 |       1 |   6.2
      Orc:2 |    3263 |   18190 |  84.8 |      42 |      57 |  57.6
            +---------+---------+-------+---------+---------+-------
